 Dungeon Crawl Stone Soup version 0.29-a0-1023-g6ae1a4a2c7 (webtiles) character file.

Game seed: 420578294238756759

81 nicolae the Insei (level 4, -12/32 HPs)
             Began as a Demonspawn Transmuter on Aug 11, 2022.
             Mangled by an ogre
             ... wielding a +0 giant club
              (28 damage)
             ... on level 4 of the Dungeon.
             The game lasted 00:03:38 (2902 turns).

nicolae the Insei (Demonspawn Transmuter)           Turns: 2902, Time: 00:03:39

Health: -12/32     AC:  2    Str: 10    XL:     4   Next: 20%
Magic:  6/7        EV: 12    Int: 16    God:
Gold:   121        SH:  0    Dex: 14    Spells: 1/7 levels left

rFire   . . .      SeeInvis .     - Unarmed
rCold   . . .      Faith    .   (no shield)
rNeg    . . .      Spirit   .   a - +0 robe
rPois   .          Reflect  .   (helmet currently unavailable)
rElec   .          Harm     .   (no cloak)
rCorr   .          Rampage  .   (no gloves)
Will    .....                   (boots currently unavailable)
Stlth   +.........              (no amulet)
HPRegen 1.10/turn               (no ring)
MPRegen 0.10/turn               (no ring)

@: appendages
A: horns 2, talons 2, claws 1, powered by death 1, weakness stinger 1
a: End Transformation


You were on level 4 of the Dungeon.
You had temporarily grown beastly horns and talons.
You visited 1 branch of the dungeon, and saw 4 of its levels.

You collected 121 gold pieces.

Inventory:

Missiles
 d - a throwing net
 k - 3 poisoned darts
Armour
 a - a +0 robe (worn)
 o - a +0 helmet (melded)
Wands
 l - a wand of mindburst (15)
Scrolls
 c - 2 scrolls of butterflies
 h - a scroll of magic mapping {unknown}
 i - a scroll of enchant weapon {unknown}
 j - a scroll of noise {unknown}
 m - a scroll of teleportation {unknown}
 p - a scroll of torment {unknown}
Potions
 b - 3 potions of lignification
 e - 2 potions of ambrosia
 g - a potion of brilliance
 n - a potion of invisibility {unknown}
 q - a potion of curing {unknown}
 r - a potion of heal wounds {unknown}
 s - a potion of haste {unknown}


   Skills:
 - Level 1.0 Fighting
 - Level 1.7 Dodging
 + Level 3.7 Unarmed Combat
 - Level 2.0 Spellcasting
 + Level 3.1 Transmutations


You had one spell level left.
You knew the following spells:

 Your Spells              Type           Power      Damage    Failure   Level
a - Beastly Appendage     Tmut           22%        N/A       6%          1
b - Wereblood             Tmut           11%        N/A       9%          2
c - Spider Form           Tmut/Pois      6%         N/A       32%         3

Your spell library contained the following spells:

 Spells                   Type           Power      Damage    Failure   Level
 Slow                     Hex            4%         N/A       21%         1
 Confusing Touch          Hex            1%         N/A       52%         3
 Vampiric Draining        Necr           1%         2d6       52%         3
 Ice Form                 Ice/Tmut       6%         N/A       73%         4


Dungeon Overview and Level Annotations

Branches:
Dungeon (4/15)
 Temple: D:4-7

Altars:

Shops:
D:2 [


Innate Abilities, Weirdness & Mutations

You have temporarily grown beastly horns and talons.
You have sharp fingernails.
You regenerate a little health from kills.
You have a small tail.


Message History

There is a stone staircase leading up here.
A goblin comes into view. It is wielding a +0 club.
You grow a pair of large bovine horns.
Your feet morph into talons.
Your +0 helmet melds into your body.
Your transformation is almost over.
A quokka comes into view.
The goblin shouts!
You barely miss the goblin. You claw the goblin.
You kill the goblin!
The quokka barely misses you.
Things that are here:
a +0 club; a goblin corpse You closely miss the quokka.
You claw the quokka, but do no damage. Your headbutt misses the quokka.
You tail-slap the quokka.
You kill the quokka!
No target in view!
No target in view!
Your horns disappear.
Your talons disappear.
Your +0 helmet unmelds from your body.
Magic restored.
You see here a quokka corpse.
Found 8 stones.
A goblin comes into view. It is wielding a +0 dagger.
The goblin shouts!
You hear an angry hiss.
You hear a shout!
You grow a pair of large bovine horns.
Your feet morph into talons.
Your +0 helmet melds into your body.
An ogre comes into view. It is wielding a +0 giant club.
An orc comes into view. It is wielding a +0 mace.
You closely miss the goblin.
Your tail-slap misses the goblin.
The goblin barely misses you.
You scratch the goblin.
You kill the goblin!
You claw the ogre! You claw the ogre.
You headbutt the ogre, but do no damage.
The ogre is moderately wounded.
The ogre hits you with a +0 giant club!
Ouch! That really hurt!
The ogre attacks as you move away!
The ogre hits you with a +0 giant club!!
Ouch! That really hurt!
You die...

..............#
..............#
#............#
#............#
#....[o......#
#............#
#............#
####.#O#.##### #(#@#
# #.#.#.# #.#.#.#
#.....#
###.################
#.................
################## #
#


You could see an ogre and an orc.

Vanquished Creatures
  An adder (D:2)
  A worm (D:3)
  3 dart slugs
  3 bats
  6 endoplasms
  2 giant cockroaches
  7 goblins
  8 hobgoblins
  4 jackals (D:2)
  3 kobolds
  4 quokkas
  4 ball pythons
  2 frilled lizards (D:1)
  8 rats
56 creatures vanquished.

Notes
Turn   | Place    | Note
-------+----------+-------------------------------------------
     0 | D:1      | nicolae the Demonspawn Transmuter began the quest for the
                  | Orb.
     0 | D:1      | Reached XP level 1. HP: 15/15 MP: 3/3
   152 | D:1      | Discovered your monstrous ancestry.
   152 | D:1      | Gained mutation: You have a small tail. [demonic ancestry]
   152 | D:1      | Reached XP level 2. HP: 13/21 MP: 3/5
   909 | D:1      | Learned a level 2 spell: Wereblood
  1006 | D:2      | Gained mutation: You regenerate a little health from kills.
                  | [demonic ancestry]
  1006 | D:2      | Reached XP level 3. HP: 25/26 MP: 4/6
  1160 | D:2      | Found Vairy's Armour Shop.
  1880 | D:3      | Learned a level 3 spell: Spider Form
  2322 | D:3      | Gained mutation: You have sharp fingernails. [demonic
                  | ancestry]
  2322 | D:3      | Reached XP level 4. HP: 29/32 MP: 5/7
  2894 | D:4      | Noticed an ogre
  2902 | D:4      | Mangled by an ogre

Illustrated notes

Levels and vault maps discovered:
D:1:      dpeg_arrival_snail, layout_basic, minmay_misc_feat_nine_boxes,
          minmay_pentomino_o4
D:2:      layout_basic, serial_shops, nicolae_shop_advertising_works
          [nicolae_subvault_shop_adworks]
D:3:      layout_loops_corners
D:4:      layout_basic, minmay_temple_entry_hall, uniq_ijyb

Skill      XL: |  1  2  3 |
---------------+----------+-----
Transmutations | 2 3 |  3.1
Unarmed Combat | 3 |  3.7
Fighting       | |  1.0
Dodging        | |  1.7
Spellcasting   | |  2.0

Action                   |  1- 3 |  4- 6 || total
-------------------------+-------+-------++-------
Melee: Unarmed           |   110 |    17 ||   127
       Headbutt          |    10 |     2 ||    12
       Kick              |    21 |     5 ||    26
       Tailslap          |     9 |     2 ||    11
       Punch             |     3 |     1 ||     4
 Cast: Beastly Appendage |    27 |     6 ||    33
       Wereblood         |     2 |       ||     2
  Use: Scroll            |     1 |     2 ||     3
 Stab: Sleeping          |     1 |     1 ||     2
Armor: Robe              |    20 |     2 ||    22
Dodge: Dodged            |    69 |     8 ||    77

Table legend: (Time is in decaauts)
 A = Elapsed time spent in this place.
 B = Non-inter-level travel time spent in this place.
 C = Inter-level travel time spent in this place.
 D = Time resting spent in this place.
 E = Time spent auto-exploring this place.
 F = Levels seen in this place.
 G = Mean time per level.
                   A        B        C        D        E       F      G
               +--------+--------+--------+--------+--------+-----+--------+
         Total |   2893 |   2835 |     58 |    119 |   2336 |   4 |  723.2 |
       Dungeon |   2893 |   2835 |     58 |    119 |   2336 |   4 |  723.2 |
               +--------+--------+--------+--------+--------+-----+--------+

Top non-repeatable levels by time:
     D:2: 940 daAuts
     D:3: 937 daAuts
     D:1: 928 daAuts
     D:4: 87 daAuts
